 Dungeon Crawl Stone Soup version 0.31-a0-700-gf13585253f (webtiles) character file.

Game seed: 6390597128684805910

148 qw the Shooter (level 5, -9/32 HPs)
             Began as a Gargoyle Hunter on Sept 7, 2023.
             Mangled by a hell rat (13 damage)
             ... in a sewer.
             The game lasted 00:00:56 (2557 turns).

qw the Shooter (Gargoyle Hunter)                    Turns: 2557, Time: 00:00:57

Health: -9/32      AC:  9    Str: 13 (15) XL:     5   Next: 30%
Magic:  5/5        EV: 10    Int:  9      God:
Gold:   91         SH:  0    Dex: 14 (15) Spells: 4/4 levels left

rFire   . . .        Y - +1 shortbow
rCold   . . .        (shield currently unavailable)
rNeg    + . .        d - +0 ring mail
rPois   inf          (no helmet)
rElec   +            (no cloak)
rCorr   .            (no gloves)
SInv    .            (no boots)
Will    .....        (no amulet)
Stlth   +            (no ring)
HPRegen 0.25/turn    (no ring)
MPRegen 0.09/turn

%: no passive effects
@: about to teleport
A: sickness immunity, AC +4, negative energy resistance 1, electricity
resistance, torment resistance 1, petrification resistance
a: no special abilities


You were in a sewer.
You visited 1 branch of the dungeon, and saw 4 of its levels.
You also visited: Sewer.

You collected 175 gold pieces.
You spent 84 gold pieces at shops.


Innate Abilities, Weirdness & Mutations

You are immune to sickness and miasma.
Your stone body is resilient. (AC +4)
You are immune to poison.
You resist negative energy. (rN+)
You are resistant to electric shocks. (rElec)
You are resistant to unholy torment.
You are immune to petrification.


   Skills:
 - Level 3.3 Fighting
 + Level 5.8 Ranged Weapons
 - Level 1.2 Armour
 - Level 1.5 Dodging
 - Level 1.1 Stealth


You had 4 spell levels left.
You didn't know any spells.
Your spell library was empty.

Inventory:

Hand Weapons
 Y - a +1 shortbow (weapon)
Armour
 d - a +0 ring mail (worn)
Scrolls
 a - a scroll of identify
Potions
 i - a potion of resistance {unknown}
 j - a potion of attraction {unknown}
 k - 5 potions of curing

Dungeon Overview and Level Annotations

Branches:
Dungeon (4/15)              Sewer (1/1)
 Temple: D:4-7

Altars:
Sif Muna
Wu Jian

Shops:
D:2 *


Message History

The hell rat bites you!
2548 ||| READING 2 scrolls of teleportation.
As you read the scroll of teleportation, it crumbles to dust.
You feel strangely unstable. The hell rat bites you.
2549 ||| DRINKING potion of heal wounds.
You feel much better. The hell rat bites you!
You shoot an arrow.
The arrow hits the hell rat but does no damage.
The hell rat is heavily wounded.
Your surroundings suddenly seem different.
Found three items.
The hell rat bites you. The hell rat completely misses you.
You shoot an arrow.
The arrow completely misses the hell rat.
The hell rat bites you but does no damage.
You shoot an arrow.
The arrow hits the hell rat but does no damage.
The hell rat is heavily wounded.
The hell rat barely misses you.
The hell rat bites you but does no damage.
You shoot an arrow. The arrow hits the hell rat.
The hell rat is almost dead.
The hell rat bites you but does no damage.
You shoot an arrow. The arrow barely misses the hell rat.
The hell rat bites you but does no damage.
The hell rat bites you!
You shoot an arrow.
The arrow hits the hell rat but does no damage.
The hell rat is almost dead.
The hell rat bites you.
You shoot an arrow.
The arrow hits the hell rat but does no damage.
The hell rat is almost dead.
The hell rat bites you. x2
2557 ||| READING scroll of teleportation.
As you read the scroll of teleportation, it crumbles to dust.
You feel strangely unstable. The hell rat bites you!
You die...

~.~~ #%~.
~.## #~..##
..# ##.~##~#
~~## #.~~#...
~~~#
#~~##!.~##..#
#..#!?~~~#.~#
#\\#\[~~~r..#
#.~#!?~~@#.~#
#~~##!.~##.~#
#~..#~~.#.~~#
##~.##.##~.##
#~.~###%~.#
##...~~.~##
#~.~.~.~#
###~~.###
#####


You could see a hell rat.

Vanquished Creatures
  Jessica (D:3)
  4 gnolls
  An adder (D:2)
  A river rat (Sewer)
  A worm (D:4)
  A dart slug (D:2)
  An orc (D:3)
  6 ball pythons
  4 bats
  6 endoplasms
  3 giant cockroaches
  8 goblins
  4 hobgoblins
  A quokka (D:2)
  6 frilled lizards
  7 kobolds
  6 rats
61 creatures vanquished.

Notes
Turn   | Place    | Note
-------+----------+-------------------------------------------
     0 | D:1      | qw the Gargoyle Hunter began the quest for the Orb.
     0 | D:1      | Reached XP level 1. HP: 12/12 MP: 1/1
     0 | D:1      | 0 ||| qw: Version: 0.3-a-76-g4403597
     0 | D:1      | 0 ||| qw: Game counter: 605
     0 | D:1      | 0 ||| qw: Melee chars always use a shield: true
     0 | D:1      | 0 ||| qw: God list: Okawaru
     0 | D:1      | 0 ||| qw: Allow faded altars: false
     0 | D:1      | 0 ||| qw: Do Orc after clearing Dungeon:15 true
     0 | D:1      | 0 ||| qw: Do second Lair branch before Depths: true
     0 | D:1      | 0 ||| qw: Lair rune preference: random
     0 | D:1      | 0 ||| qw: Goals: Normal
     0 | D:1      | 0 ||| PLANNING D:1-11
   107 | D:1      | Reached XP level 2. HP: 17/17 MP: 2/2
   147 | D:1      | Found a faded altar of an unknown god.
   692 | D:1      | 692 ||| UPGRADING to +0 ring mail.
   702 | D:1      | 702 ||| DROPPING +0 leather armour.
   703 | D:1      | 703 ||| READING 2 scrolls labelled CYSOEXZ OKEHIL.
   704 | D:1      | 704 ||| READING scroll labelled KUNTATHRUOPA.
   705 | D:1      | 705 ||| READING scroll labelled LIZXIQ YCKAOHE.
   706 | D:1      | 706 ||| DROPPING scroll of butterflies.
   796 | D:2      | Reached XP level 3. HP: 21/21 MP: 3/3
   800 | D:2      | Reached skill level 1 in Armour
  1157 | D:2      | Found Muxot's Assorted Antiques.
  1160 | D:2      | Found an ornate altar of the Wu Jian Council.
  1168 | D:2      | Reached skill level 5 in Ranged Weapons
  1173 | D:2      | 1173 ||| BUYING gluggy clear potion (26 gold).
  1173 | D:2      | Bought a gluggy clear potion for 26 gold pieces
  1173 | D:2      | 1173 ||| BUYING scroll labelled CACHOX IS VARO (29 gold).
  1173 | D:2      | Bought a scroll labelled CACHOX IS VARO for 29 gold pieces
  1173 | D:2      | 1173 ||| BUYING scroll labelled MIESTRUYH ONKE (29 gold).
  1173 | D:2      | Bought a scroll labelled MIESTRUYH ONKE for 29 gold pieces
  1173 | D:2      | 1173 ||| SHOPLISTING scroll of identify (58 gold, have 24).
  1173 | D:2      | 1173 ||| SHOPLISTING tubular emerald ring (145 gold, have
                  | 24).
  1363 | D:2      | 1363 ||| READING 2 scrolls labelled CACHOX IS VARO.
  1367 | D:2      | 1367 ||| READING 3 scrolls labelled BOODOA XUENTIME.
  1368 | D:2      | 1368 ||| READING scroll labelled MIESTRUYH ONKE.
  1369 | D:2      | 1369 ||| DRINKING 2 fizzy coppery potions.
  1370 | D:2      | 1370 ||| DRINKING 4 gluggy clear potions.
  1371 | D:2      | 1371 ||| READING 3 scrolls of identify.
  1371 | D:2      | 1371 ||| IDENTIFYING amethyst potion
  1372 | D:2      | 1372 ||| READING 2 scrolls of identify.
  1372 | D:2      | 1372 ||| IDENTIFYING grey potion
  1373 | D:2      | 1373 ||| DROPPING 2 scrolls of poison.
  1374 | D:2      | 1374 ||| DROPPING potion of lignification.
  1375 | D:2      | 1375 ||| DROPPING potion of degeneration.
  1567 | D:3      | Found a shimmering blue altar of Sif Muna.
  1727 | D:3      | Noticed Jessica
  1732 | D:3      | 1732 ||| FLEEEEING.
  1733 | D:3      | 1733 ||| FLEEEEING.
  1734 | D:3      | 1734 ||| FLEEEEING.
  1735 | D:3      | 1735 ||| FLEEEEING.
  1736 | D:3      | 1736 ||| FLEEEEING.
  1739 | D:3      | Killed Jessica
  1740 | D:3      | Reached skill level 3 in Fighting
  1740 | D:3      | Reached XP level 4. HP: 26/28 MP: 4/4
  2153 | D:3      | 2153 ||| READING scroll labelled CUUGOU XIOC.
  2254 | D:3      | 2254 ||| READING 2 scrolls of identify.
  2254 | D:3      | 2254 ||| IDENTIFYING inky potion
  2255 | D:3      | 2255 ||| DROPPING potion of invisibility.
  2277 | D:4      | 2277 ||| PLANNING SEWER
  2280 | D:4      | 2280 ||| STAIRDANCE
  2287 | D:4      | 2287 ||| STAIRDANCE
  2377 | D:4      | 2377 ||| STAIRDANCE
  2384 | D:3      | Reached XP level 5. HP: 25/32 MP: 5/5
  2483 | D:4      | Found a glowing drain.
  2495 | Sewer    | Entered a sewer
  2547 | Sewer    | HP: 4/32 [hell rat (12)]
  2548 | Sewer    | 2548 ||| READING 2 scrolls of teleportation.
  2549 | Sewer    | 2549 ||| DRINKING potion of heal wounds.
  2556 | Sewer    | HP: 6/32 [hell rat (5)]
  2557 | Sewer    | 2557 ||| READING scroll of teleportation.
  2557 | Sewer    | Mangled by a hell rat

Levels and vault maps discovered:
D:1:      minmay_arrival_stair_chambers, layout_basic,
          shapermc_ecumenical_altar_flowoftime, minmay_misc_feat_secret_circle
D:2:      layout_loops_cross, serial_shops, shop, basic_altar
D:3:      layout_basic, mainiacjoe_overflow_catwalk, uniq_jessica
D:4:      layout_loops_ring, overflow_temple_1_default,
          mainiacjoe_overflow_cross_hatched, minmay_temple_entry_butterflies,
          cheibrodos_sewer_entry_sluice, st_stairs_12
Sewer:    sewer_hellmonk_bad_rat

Skill      XL: |  1  2  3 |
---------------+----------+-----
Armour         | 1 |  1.2
Ranged Weapons | 5 |  5.8
Fighting       | 3 |  3.3
Dodging        | |  1.5
Stealth        | |  1.1

Action                     |  1- 3 |  4- 6 || total
---------------------------+-------+-------++-------
   Fire: Shortbow          |   117 |    86 ||   203
    Use: Scroll            |     8 |     4 ||    12
         Potion            |     2 |     1 ||     3
 Armour: Leather armour    |     6 |       ||     6
         Ring mail         |    12 |    49 ||    61
  Dodge: Dodged            |    19 |    36 ||    55

Table legend:
 A = Non-vault XP
 B = Vault XP
 C = Vault XP percentage of total XP
 D = Non-vault monster count
 E = Vault monster count
 F = Vault count percentage of total count
                 A         B        C        D         E       F
            +---------+---------+-------+---------+---------+-------
      Total |     147 |      65 |  30.7 |      51 |      10 |  16.4
            +---------+---------+-------+---------+---------+-------
        D:1 |      26 |       0 |   0.0 |      17 |       0 |   0.0
        D:2 |      40 |       0 |   0.0 |      15 |       0 |   0.0
        D:3 |      66 |      39 |  37.1 |      17 |       2 |  10.5
        D:4 |      15 |      10 |  40.0 |       2 |       4 |  66.7
      Sewer |       0 |      16 | 100.0 |       0 |       4 | 100.0
            +---------+---------+-------+---------+---------+-------
